Map: Seeds of Aiur

Players

Raziel

  • Race: Terran Terran
  • League: Platinum
  • Spawn Location: 1:00

jerrox

  • Race: Protoss Protoss
  • Spawn Location: 1:00

SSal - Winner!

  • Race: Terran Terran
  • League: Platinum
  • Spawn Location: 7:00

Leon - Winner!

  • Race: Terran Terran
  • League: Diamond
  • Spawn Location: 7:00

VOD

Have the link to the VOD?

Description

Proxy Barracks Factory All-In.

Time

  • Played on: Aug. 14, 2018, 2 a.m.
  • Length: 6:39
Show
View Real Time Build Order
Export as new Build Order

Raziel Terran 

Build Orders:  

Get SALT Encoding   

  12  0:03  SCV  
  13  0:16  SCV  
  14  0:26  Supply Depot  
  14  0:28  SCV  
  15  0:30  Refinery  
  15  0:47  SCV  
  15  0:49  Barracks  
  16  0:58  Refinery  
  16  1:00  SCV  
  17  1:15  Barracks  
  17  1:16  SCV  
  18  1:28  SCV  
  19  1:37  Barracks Reactor  
  19  1:42  Supply Depot  
  19  1:44  SCV  
  20  1:59  Orbital Command  
  20  2:14  Reaper x3  
  23  2:24  SCV  
  24  2:30  Barracks  
  24  2:36  SCV  
  25  2:41  Supply Depot  
  25  2:51  Reaper  
  25  2:52  Reaper x2  
  26  3:14  SCV  
  26  3:19  Barracks Tech Lab  
  24  3:36  Marine x2  
  24  3:37  Marine  
  27  3:41  Marauder  
  27  3:42  Concussive Shells  
  26  3:57  Marine x3, Bunker  
  29  4:07  Marauder  
  30  4:14  Marine  
  30  4:15  Marine  
  28  4:18  Marine  
  28  4:28  Marine  
  28  4:30  Bunker  
  27  4:32  Marine x2  
  27  4:37  Marine  
  29  4:46  Marine  
  30  4:53  Bunker  
  30  4:55  Marine  
  31  5:03  Marine x2  
  31  5:12  Marauder  
  28  5:17  Marine  
  28  5:21  Marine  
  25  5:26  Barracks  
  27  5:34  Marauder  
  27  5:35  Supply Depot  
  28  5:46  Factory  
  28  5:52  Bunker  
  28  6:02  Bunker  
  6  6:30  Factory Tech Lab  
Show
View Real Time Build Order
Export as new Build Order

jerrox Protoss 

Build Orders: Nexus First 

Get SALT Encoding   

  1  0:00  Probe  
  13  0:07  Probe  
  14  0:16  Probe  
  15  0:23  Pylon  
  15  0:54  Nexus  
  15  1:06  Gateway  
  15  1:11  Assimilator  
  15  1:13  Probe  
  16  1:21  Probe  
  17  1:29  Probe  
  17  1:39  Probe  
  18  1:44  Forge  
  19  1:54  Pylon  
  19  1:55  Cybernetics Core  
  19  2:09  Probe  
  20  2:18  Photon Cannon  
  20  2:23  Adept  
  20  2:36  Assimilator  
  22  2:39  Pylon  
  22  2:41  Probe  
  23  2:52  Probe  
  23  2:53  Probe  
  23  2:58  Stalker  
  25  3:00  Probe  
  27  3:05  Probe  
  27  3:10  Probe  
  30  3:14  Shield Battery  
  30  3:17  Probe  
  31  3:22  Probe  
  19  4:13  Probe  
  18  4:21  Probe  
  18  4:30  Probe  
  19  4:42  Probe  
  20  4:55  Probe  
  20  4:59  Stalker  
  18  5:07  Pylon  
  16  5:45  Photon Cannon  
  16  5:47  Photon Cannon  
  16  5:48  Photon Cannon  
  16  5:50  Shield Battery  
  16  5:51  Shield Battery  
  16  5:52  Probe  
  16  5:53  Pylon  
  17  6:00  Probe  
  18  6:12  Robotics Facility  
Show
View Real Time Build Order
Export as new Build Order

SSal Terran - Winner!

Build Orders:  

Get SALT Encoding   

  12  0:01  SCV  
  13  0:14  SCV  
  14  0:23  Supply Depot  
  14  0:26  SCV  
  15  0:31  Refinery  
  15  0:46  Barracks  
  15  0:58  Barracks  
  15  1:02  SCV  
  16  1:22  Barracks  
  16  1:24  SCV  
  17  1:36  Reaper, SCV  
  19  1:45  Reaper  
  20  1:50  SCV  
  21  2:08  Orbital Command  
  21  2:09  Reaper  
  21  2:12  Reaper  
  23  2:17  Supply Depot  
  23  2:24  Refinery  
  23  2:39  Reaper, SCV  
  23  2:41  Supply Depot  
  24  2:54  Reaper  
  24  2:57  Marine  
  25  3:09  SCV  
  25  3:11  Marine  
  27  3:14  Marine  
  28  3:26  Reaper  
  28  3:29  Reaper  
  28  3:32  Reaper  
  29  3:36  Command Center  
  29  3:37  SCV  
  30  3:41  Engineering Bay  
  30  3:49  SCV  
  30  3:50  Refinery  
  31  3:57  Marine  
  31  4:01  SCV  
  32  4:07  Marine x2  
  32  4:13  SCV  
  33  4:25  SCV  
  34  4:38  SCV  
  34  4:49  Marine  
  34  4:50  Marine, SCV  
  37  4:53  Orbital Command  
  37  5:01  Factory  
  37  5:02  SCV  
  37  5:07  Marine  
  37  5:08  Barracks Tech Lab  
  37  5:12  Barracks Tech Lab  
  38  5:14  SCV  
  38  5:21  Refinery  
  38  5:26  SCV  
  39  5:38  SCV x2  
  39  5:39  Marine  
  39  5:40  Marauder  
  39  5:41  Concussive Shells  
  46  5:45  Factory Tech Lab  
  46  5:48  Starport  
  44  5:50  SCV x2  
  46  5:57  Marine  
  46  6:02  SCV x2  
  49  6:06  Missile Turret  
  49  6:07  Missile Turret  
  49  6:14  SCV  
  49  6:15  SCV  
  49  6:17  Marine  
  49  6:18  Marauder  
  54  6:21  Barracks Reactor  
  53  6:26  SCV  
Show
View Real Time Build Order
Export as new Build Order

Leon Terran - Winner!

Build Orders: Cyclone Opening 

Get SALT Encoding   

  12  0:05  SCV  
  13  0:17  SCV  
  13  0:21  Supply Depot  
  14  0:29  SCV  
  14  0:31  Refinery  
  16  0:42  SCV  
  16  0:50  Barracks  
  16  0:57  Refinery  
  16  1:01  SCV  
  17  1:13  SCV  
  18  1:25  SCV  
  19  1:33  Supply Depot  
  19  1:37  Factory  
  19  1:41  Barracks Reactor  
  19  1:47  SCV  
  20  1:59  SCV  
  21  2:13  SCV  
  22  2:16  Supply Depot  
  22  2:26  Cyclone, Barracks Tech Lab  
  25  2:33  Cyclone  
  25  2:36  SCV  
  29  2:45  Marauder  
  29  2:48  Concussive Shells  
  31  3:03  Cyclone  
  34  3:12  Marauder  
  36  3:20  Cyclone  
  39  3:39  Cyclone  
  39  3:41  Marauder  
  30  4:18  Cyclone x2  
  30  4:20  Marauder  
  36  4:42  Marauder  
  38  4:58  Cyclone  
  38  5:04  Cyclone  
  39  5:12  Marauder  
  38  5:23  Orbital Command  
  38  5:26  Supply Depot  
  36  5:41  Cyclone  
  39  5:47  Cyclone  
  42  6:17  SCV  
  47  6:38  Supply Depot  
Tags
 
Add a new tag
Caveats
  • Supply blocks, unpowered buildings, or Contaminate may cause inaccurate times.
  • Supply counts are checked every 10 seconds.